 Dungeon Crawl Stone Soup version 0.31-a0-166-g46f44d267d (webtiles) character file.

Game seed: 5531076000192255962

30053 qw the Marksnaga (level 13, -7/123 HPs)
             Began as a Naga Hunter on June 13, 2023.
             Was a High Priest of Okawaru.
             Killed by divine providence
             ... invoked by a meliai
              (12 damage)
             ... on level 4 of the Lair of Beasts.
             The game lasted 00:06:34 (15663 turns).

qw the Marksnaga (Naga Hunter)                     Turns: 15663, Time: 00:06:35

Health: -7/123     AC: 19    Str: 14    XL:     13   Next: 49%
Magic:  20/20      EV: 14    Int: 10    God:    Okawaru [*****.]
Gold:   2074       SH:  0    Dex: 19    Spells: 12/12 levels left

rFire   + . .        n - +2 orcbow (drain)
rCold   + . .        (shield currently unavailable)
rNeg    . . .        m - +0 troll leather armour
rPois   +            j - +2 hat
rElec   .            l - +0 cloak
rCorr   .            c - +1 pair of gloves
SInv    +            d - +0 barding
Will    +....        a - amulet of faith
Stlth   +++          f - ring of protection from fire
HPRegen 1.20/turn    e - ring of protection from cold
MPRegen 0.17/turn

%: faith
@: lethally poisoned (-7 -> -7), heroic, very slow
A: AC +4, large, see invisible, deformed body, poison resistance, slowness 2,
spit poison 1, naga tail 2
a: Spit Poison, Renounce Religion, Heroism, Finesse, Duel


You were on level 4 of the Lair of Beasts.
You worshipped Okawaru.
Okawaru was extremely pleased with you.
You visited 3 branches of the dungeon, and saw 16 of its levels.

You collected 2155 gold pieces.
You spent 81 gold pieces at shops.


Innate Abilities, Weirdness & Mutations

Your serpentine skin is tough. (AC +4)
You have supernaturally acute eyesight. (SInv)
Armour fits poorly on your strangely shaped body.
Your system is resistant to poisons. (rPois)
You cover ground very slowly.
You can spit poison.
You can use your snake-like lower body to constrict enemies.


   Skills:
 - Level 10.0(15.0) Fighting
 + Level 15.0(20.0) Ranged Weapons
 - Level 5.0(10.0) Armour
 - Level 6.0(11.0) Dodging
 - Level 1.5(6.5) Stealth
 - Level 10.0 Invocations


You had 12 spell levels left.
You didn't know any spells.
Your spell library was empty.

Inventory:

Hand Weapons
 n - a +2 orcbow of draining (weapon)
Armour
 c - a +1 pair of gloves (worn)
 d - a +0 barding (worn)
 j - a +2 hat (worn)
 l - a +0 cloak (worn)
 m - a +0 troll leather armour (worn)
 o - a +1 hat
 q - the +0 cloak of Sloth {rPois rF+ rN+ Dex-4}
   (Okawaru gifted it to you on level 3 of the Lair of Beasts)

   Dex:       It affects your dexterity (-4).
   rF:        It protects you from fire.
   rPois:     It protects you from poison.
   rN:        It protects you from negative energy.
Jewellery
 a - an amulet of faith (around neck)
 e - a ring of protection from cold (right hand)
 f - a ring of protection from fire (left hand)
 p - a ring of willpower
Scrolls
 b - 3 scrolls of identify
Potions
 g - 2 potions of might
 h - 8 potions of curing
 i - a potion of resistance
 k - 4 potions of haste

Dungeon Overview and Level Annotations

Branches:
Dungeon (11/15)            Temple (1/1) D:6            Lair (4/5) D:11
  Swamp (0/4) Lair:2        Snake (0/4) Lair:2
  Slime: Lair:4-5       Orc: D:9-12

Altars:
Ashenzari
Cheibriados
Dithmenos
Elyvilon
Fedhas
Gozag
Hepliaklqana
Kikubaaqudgha
Makhleb
Nemelex Xobeh
Okawaru
Qazlal
Ru
Sif Muna
Trog
Uskayaw
Vehumet
Wu Jian
Xom
Yredelemnul
Zin
The Shining One

Shops:
D:2 :   D:4 :   D:7 *   D:8 (   D:9 :   D:10 *

Annotations:
D:5 2 runed translucent doors
Lair:2 1 runed translucent door, Rupert


Message History

Something smites you! The meliai hits you but does no damage.
The meliai barely misses you.
The killer bee buzzes angrily.
You shoot an arrow. The arrow closely misses the meliai.
You feel sick.
You hear an angry buzzing noise.
The meliai closely misses you.
The meliai stings you but does no damage.
You shoot an arrow. The arrow hits the meliai.
The meliai is almost dead.
You feel sick.
The meliai calls upon its god to heal the meliai.
The meliai is healed somewhat.
The meliai calls upon its god to heal the meliai.
The meliai is healed somewhat.
The meliai closely misses you.
The meliai stings you but does no damage.
You shoot an arrow. The arrow hits the meliai!
The meliai is almost dead.
You feel sick. The meliai hits you with a +0 hand axe. The meliai stings you.
You shoot an arrow. The arrow hits the meliai!
You kill the meliai!
Okawaru accepts your kill.
You feel sick. The meliai closely misses you. The meliai completely misses you.
A killer bee comes into view.
The meliai hits you with a +1 hand axe of electrocution.
You are electrocuted!
The meliai closely misses you.
You shoot an arrow. The arrow completely misses the meliai.
The killer bee buzzes angrily.
You feel sick.
You hear an angry buzzing noise.
The meliai barely misses you. x2; The killer bee closely misses you.
A killer bee comes into view.
You shoot an arrow. The arrow barely misses the meliai.
The meliai hits you with a +1 hand axe of electrocution.
The meliai closely misses you. The killer bee stings you.
You shoot an arrow. The arrow closely misses the meliai.
You feel sick.
The meliai calls down the wrath of its god upon you.
Something smites you!
You die...

### ##### #####P.#####
###P..## ##..........##
.......###P.........+.#.
......P.###......<.....%
......P...#.........#.y.
.......#..%%........y#
.......#.##.....)y...#
..#..#######.#..@y.#.
#...#.# #####>### ..#
#.P#### #..# ..### ..##
##..## #####.#PP# .###
#....# #......... ...#
#.+#.## #...#P..#.
+.###### #....P#
#...#...#. .......#
.....# ### #...P..#..
......#### ##....##..P
...[..#...


You could see a meliai and 3 killer bees.

Vanquished Creatures
  Josephine (D:10)
  A hydra (Lair:4)
  A two-headed ogre (D:11)
  A skyshark (Lair:4)
  A manticore (D:11)
  8 elephants (Lair:4)
  5 black mambas
  2 gargoyles
  6 cane toads
  An unseen horror (D:11)
  A rime drake (Lair:3)
  Maggie (D:8)
  3 komodo dragons
  A kobold demonologist (D:11)
  4 trolls
  2 meliai (Lair:4)
  A queen bee (Lair:4)
  Grinder (D:4)
  A hornet (Lair:2)
  23 blink frogs
  7 dream sheep (Lair:3)
  17 yaks
  4 wraiths (D:10)
  6 wyverns
  Eustachio (D:4)
  3 basilisks (Lair:2)
  A human (Lair:2)
  2 vampire mosquitoes (D:11)
  3 steam dragons
  2 wargs (D:11)
  8 water moccasins
  An acid dragon (D:9)
  4 orc warriors
  An ice beast (D:5)
  2 sky beasts
  An ogre (D:5)
  12 wolves
  A phantom (D:5)
  9 centaurs
  9 bullfrogs
  10 wights
  10 killer bees
  3 electric eels (Lair:2)
  3 howler monkeys (D:7)
  9 orc priests
  A hound (D:4)
  2 iguanas (D:5)
  A sleepcap (D:4)
  2 gnoll boudas
  Natasha (thrice) (D:4)
  8 orc wizards
  Robin (D:4)
  12 gnolls
  An adder (D:3)
  3 shadow imps
  A white imp (D:6)
  2 ufetubi
  2 worms
  2 dart slugs (D:2)
  19 orcs
  6 endoplasms
  4 giant cockroaches
  14 goblins
  14 hobgoblins
  4 jackals (D:2)
  6 kobolds
  7 quokkas
  7 ball pythons
  7 bats
  7 rats
330 creatures vanquished.

Notes
Turn   | Place    | Note
-------+----------+-------------------------------------------
     0 | D:1      | qw the Naga Hunter began the quest for the Orb.
     0 | D:1      | Reached XP level 1. HP: 19/19 MP: 1/1
     0 | D:1      | 0 ||| qw: Version: 0.2-a-29-gc1b59c4
     0 | D:1      | 0 ||| qw: Game counter: 4826
     0 | D:1      | 0 ||| qw: Always use a shield: true
     0 | D:1      | 0 ||| qw: God list: Okawaru
     0 | D:1      | 0 ||| qw: Allow faded altars: false
     0 | D:1      | 0 ||| qw: Do Orc after D:15 true
     0 | D:1      | 0 ||| qw: Do second Lair branch before Depths: true
     0 | D:1      | 0 ||| qw: Lair rune preference: random
     0 | D:1      | 0 ||| qw: Plans: Normal
     0 | D:1      | 0 ||| PLANNING D:1-11
    15 | D:1      | 15 ||| INVOKING Spit Poison.
    30 | D:1      | 30 ||| INVOKING Spit Poison.
    40 | D:1      | 40 ||| INVOKING Spit Poison.
    46 | D:1      | 46 ||| INVOKING Spit Poison.
    76 | D:1      | Reached skill level 4 in Ranged Weapons
    76 | D:1      | Reached XP level 2. HP: 26/26 MP: 2/2
    86 | D:1      | 86 ||| INVOKING Spit Poison.
   156 | D:1      | 156 ||| INVOKING Spit Poison.
   162 | D:1      | 162 ||| INVOKING Spit Poison.
   170 | D:1      | 170 ||| INVOKING Spit Poison.
   215 | D:1      | 215 ||| INVOKING Spit Poison.
   269 | D:1      | 269 ||| INVOKING Spit Poison.
   355 | D:1      | 355 ||| INVOKING Spit Poison.
   406 | D:1      | 406 ||| INVOKING Spit Poison.
   424 | D:1      | 424 ||| INVOKING Spit Poison.
   425 | D:1      | Reached XP level 3. HP: 32/32 MP: 3/3
   430 | D:1      | 430 ||| INVOKING Spit Poison.
   431 | D:1      | 431 ||| INVOKING Spit Poison.
   484 | D:1      | 484 ||| INVOKING Spit Poison.
   544 | D:1      | 544 ||| INVOKING Spit Poison.
   562 | D:1      | 562 ||| INVOKING Spit Poison.
   587 | D:1      | 587 ||| UPGRADING to +0 barding.
   592 | D:1      | 592 ||| READING scroll labelled LEEPSA GURE.
   652 | D:1      | 652 ||| READING 2 scrolls labelled NUTTUH CETEDI.
   653 | D:1      | 653 ||| READING scroll labelled MANIUT BUICYLE.
   654 | D:1      | 654 ||| DROPPING scroll of butterflies.
   655 | D:1      | 655 ||| DROPPING scroll of poison.
   691 | D:2      | 691 ||| INVOKING Spit Poison.
   756 | D:2      | 756 ||| INVOKING Spit Poison.
   764 | D:2      | 764 ||| INVOKING Spit Poison.
   779 | D:2      | 779 ||| INVOKING Spit Poison.
   796 | D:2      | 796 ||| INVOKING Spit Poison.
   800 | D:2      | 800 ||| INVOKING Spit Poison.
   872 | D:2      | 872 ||| INVOKING Spit Poison.
   925 | D:2      | Found Gutapt's Book Emporium.
   938 | D:2      | 938 ||| INVOKING Spit Poison.
   958 | D:2      | 958 ||| INVOKING Spit Poison.
   982 | D:2      | 982 ||| INVOKING Spit Poison.
   985 | D:2      | 985 ||| INVOKING Spit Poison.
   997 | D:2      | Identified the staff of death "Eckirowni" {rPois rN+ Str+4}
  1061 | D:2      | 1061 ||| INVOKING Spit Poison.
  1067 | D:2      | 1067 ||| INVOKING Spit Poison.
  1072 | D:2      | 1072 ||| INVOKING Spit Poison.
  1076 | D:2      | Reached skill level 5 in Ranged Weapons
  1076 | D:2      | Reached XP level 4. HP: 28/39 MP: 4/4
  1076 | D:2      | 1076 ||| INVOKING Spit Poison.
  1081 | D:2      | 1081 ||| INVOKING Spit Poison.
  1085 | D:2      | 1085 ||| INVOKING Spit Poison.
  1158 | D:2      | 1158 ||| INVOKING Spit Poison.
  1469 | D:2      | 1469 ||| UPGRADING to +2 hat.
  1474 | D:2      | 1474 ||| UPGRADING to ring of protection from fire.
  1475 | D:2      | 1475 ||| READING scroll labelled GYR PURENIBUI.
  1476 | D:2      | 1476 ||| READING 2 scrolls labelled EGUEZO AFRAHI.
  1477 | D:2      | 1477 ||| READING scroll labelled WUTEIM DOKK.
  1520 | D:3      | 1520 ||| INVOKING Spit Poison.
  1659 | D:3      | 1659 ||| INVOKING Spit Poison.
  1689 | D:3      | 1689 ||| INVOKING Spit Poison.
  1759 | D:3      | 1759 ||| INVOKING Spit Poison.
  1766 | D:3      | 1766 ||| INVOKING Spit Poison.
  1900 | D:3      | 1900 ||| INVOKING Spit Poison.
  1903 | D:3      | 1903 ||| INVOKING Spit Poison.
  1968 | D:3      | 1968 ||| INVOKING Spit Poison.
  2038 | D:3      | 2038 ||| INVOKING Spit Poison.
  2112 | D:3      | 2112 ||| INVOKING Spit Poison.
  2271 | D:3      | 2271 ||| INVOKING Spit Poison.
  2272 | D:3      | Found a shadowy altar of Dithmenos.
  2368 | D:3      | Found a glowing silver altar of Zin.
  2369 | D:3      | 2369 ||| INVOKING Spit Poison.
  2380 | D:3      | 2380 ||| DROPPING ring of flight.
  2381 | D:3      | 2381 ||| READING 2 scrolls labelled NOFOUN MUUHUZE.
  2384 | D:3      | 2384 ||| READING 3 scrolls of identify.
  2384 | D:3      | 2384 ||| IDENTIFYING ruby potion
  2385 | D:3      | 2385 ||| READING 2 scrolls of identify.
  2385 | D:3      | 2385 ||| IDENTIFYING metallic grey potion
  2472 | D:4      | Reached skill level 3 in Fighting
  2472 | D:4      | Reached XP level 5. HP: 31/49 MP: 5/5
  2539 | D:4      | Noticed Grinder
  2539 | D:4      | Paralysed by Grinder for 2 turns
  2553 | D:4      | Paralysed by Grinder for 2 turns
  2562 | D:4      | Killed Grinder
  2563 | D:4      | Reached skill level 3 in Armour
  2563 | D:4      | Reached XP level 6. HP: 42/56 MP: 6/6
  2655 | D:4      | Found Qikhlokh's Book Boutique.
  2656 | D:4      | 2656 ||| INVOKING Spit Poison.
  2685 | D:4      | Noticed Eustachio
  2687 | D:4      | 2687 ||| INVOKING Spit Poison.
  2691 | D:4      | 2691 ||| INVOKING Spit Poison.
  2698 | D:4      | 2698 ||| INVOKING Spit Poison.
  2703 | D:4      | 2703 ||| INVOKING Spit Poison.
  2705 | D:4      | 2705 ||| Stepping ~*~*~tactically~*~*~ (outnumbered).
  2708 | D:4      | 2708 ||| INVOKING Spit Poison.
  2717 | D:4      | 2717 ||| INVOKING Spit Poison.
  2722 | D:4      | 2722 ||| INVOKING Spit Poison.
  2722 | D:4      | Killed Eustachio
  2723 | D:4      | Reached XP level 7. HP: 36/62 MP: 7/7
  2813 | D:4      | Noticed Natasha
  2814 | D:4      | 2814 ||| INVOKING Spit Poison.
  2815 | D:4      | Killed Natasha
  2817 | D:4      | 2817 ||| INVOKING Spit Poison.
  2822 | D:4      | Reached skill level 6 in Ranged Weapons
  2822 | D:4      | Identified the +0 leather armour of Free Will {Str+4}
  2854 | D:4      | 2854 ||| INVOKING Spit Poison.
  2855 | D:4      | Noticed Robin
  2859 | D:4      | 2859 ||| INVOKING Spit Poison.
  2863 | D:4      | 2863 ||| INVOKING Spit Poison.
  2866 | D:4      | 2866 ||| INVOKING Spit Poison.
  2873 | D:4      | 2873 ||| INVOKING Spit Poison.
  2879 | D:4      | 2879 ||| INVOKING Spit Poison.
  2880 | D:4      | HP: 11/63 [goblin/+0 club[Robin] (6)]
  2880 | D:4      | HP: 4/63 [goblin/+0 club[Robin] (2)]
  2881 | D:4      | 2881 ||| READING 2 scrolls of teleportation.
  2883 | D:4      | 2883 ||| INVOKING Spit Poison.
  2894 | D:4      | 2894 ||| READING scroll of teleportation.
  2896 | D:4      | 2896 ||| INVOKING Spit Poison.
  2897 | D:4      | Killed Robin
  3167 | D:4      | 3167 ||| INVOKING Spit Poison.
  3171 | D:4      | Noticed Natasha
  3172 | D:4      | 3172 ||| INVOKING Spit Poison.
  3179 | D:4      | 3179 ||| INVOKING Spit Poison.
  3179 | D:4      | Killed Natasha
  3484 | D:4      | Noticed Natasha
  3487 | D:4      | 3487 ||| INVOKING Spit Poison.
  3491 | D:4      | 3491 ||| INVOKING Spit Poison.
  3493 | D:4      | Killed Natasha
  3595 | D:4      | 3595 ||| UPGRADING to +0 leather armour of Free Will
                  | {Str+4}.
  3605 | D:4      | 3605 ||| DROPPING +0 leather armour.
  3606 | D:4      | 3606 ||| DROPPING +2 hat.
  3607 | D:4      | 3607 ||| READING scroll labelled JIYQU VENWIFF.
  3607 | D:4      | Identified a scroll of acquirement
  3607 | D:4      | 3607 ||| ACQUIRING 858 gold pieces
  3607 | D:4      | Acquired 858 gold pieces
  3609 | D:4      | 3609 ||| READING scroll labelled YZXUV DAM HEX.
  3610 | D:4      | 3610 ||| READING scroll labelled OVAZOH ZEPS.
  3611 | D:4      | 3611 ||| DRINKING 2 pink potions.
  3612 | D:4      | 3612 ||| READING 4 scrolls of identify.
  3612 | D:4      | 3612 ||| IDENTIFYING inky potion
  3613 | D:4      | 3613 ||| READING 3 scrolls of identify.
  3613 | D:4      | 3613 ||| IDENTIFYING lumpy pink potion
  3614 | D:4      | 3614 ||| DROPPING potion of attraction.
  3615 | D:4      | 3615 ||| DROPPING potion of degeneration.
  3620 | D:5      | Entered Level 5 of the Dungeon
  3621 | D:5      | 3621 ||| INVOKING Spit Poison.
  3624 | D:5      | 3624 ||| INVOKING Spit Poison.
  3695 | D:5      | 3695 ||| INVOKING Spit Poison.
  3696 | D:5      | 3696 ||| INVOKING Spit Poison.
  3801 | D:5      | Found a runed translucent door.
  3803 | D:5      | Found a runed translucent door.
  3803 | D:5      | Noticed a vampire mosquito
  3861 | D:5      | 3861 ||| INVOKING Spit Poison.
  3906 | D:5      | 3906 ||| READING scroll of enchant weapon.
  3906 | D:5      | 3906 ||| ENCHANTING +1 shortbow.
  3914 | D:5      | Found a broken altar of Ashenzari.
  3994 | D:5      | Found a burning altar of Makhleb.
  4162 | D:5      | Found a basalt altar of Yredelemnul.
  4193 | D:5      | 4193 ||| INVOKING Spit Poison.
  4352 | D:5      | 4352 ||| READING scroll labelled URCHEG KEIC.
  4353 | D:5      | 4353 ||| READING scroll labelled UTHOLO FISO.
  4478 | D:6      | Noticed a steam dragon
  4478 | D:6      | Found a staircase to the Ecumenical Temple.
  4479 | D:6      | 4479 ||| PLANNING TEMPLE
  4479 | D:6      | 4479 ||| STAIRDANCE
  4483 | D:6      | 4483 ||| STAIRDANCE
  4485 | D:5      | 4485 ||| INVOKING Spit Poison.
  4490 | D:5      | Reached skill level 7 in Ranged Weapons
  4492 | D:6      | 4492 ||| STAIRDANCE
  4501 | D:6      | 4501 ||| STAIRDANCE
  4503 | D:5      | 4503 ||| INVOKING Spit Poison.
  4517 | D:5      | Reached XP level 8. HP: 40/72 MP: 8/8
  4618 | D:6      | 4618 ||| STAIRDANCE
  4648 | D:6      | 4648 ||| STAIRDANCE
  4663 | D:6      | 4663 ||| STAIRDANCE
  4682 | D:6      | 4682 ||| STAIRDANCE
  4684 | D:5      | 4684 ||| INVOKING Spit Poison.
  4689 | D:5      | 4689 ||| INVOKING Spit Poison.
  4754 | D:6      | 4754 ||| STAIRDANCE
  4756 | D:5      | 4756 ||| INVOKING Spit Poison.
  4759 | D:5      | 4759 ||| INVOKING Spit Poison.
  4764 | D:5      | 4764 ||| INVOKING Spit Poison.
  4799 | D:5      | 4799 ||| UPGRADING to +0 steam dragon scales.
  4809 | D:5      | 4809 ||| DROPPING +0 leather armour of Free Will {Str+4}.
  4813 | D:6      | 4813 ||| STAIRDANCE
  4819 | D:6      | 4819 ||| STAIRDANCE
  4840 | D:6      | 4840 ||| STAIRDANCE
  4844 | D:6      | 4844 ||| STAIRDANCE
  4854 | D:6      | 4854 ||| STAIRDANCE
  4858 | D:6      | 4858 ||| STAIRDANCE
  4862 | D:6      | 4862 ||| STAIRDANCE
  4876 | D:6      | 4876 ||| STAIRDANCE
  4884 | D:6      | 4884 ||| STAIRDANCE
  4917 | D:6      | 4917 ||| STAIRDANCE
  4921 | D:6      | 4921 ||| STAIRDANCE
  4962 | D:6      | 4962 ||| Stepping ~*~*~tactically~*~*~ (outnumbered).
  4963 | D:6      | 4963 ||| INVOKING Spit Poison.
  4989 | Temple   | Entered the Ecumenical Temple
  5082 | Temple   | 5082 ||| PLANNING OKAWARU WORSHIP
  5341 | Temple   | Became a worshipper of Warmaster Okawaru
  5341 | Temple   | 5341 ||| PLANNING D:1-11
  5405 | D:6      | Reached skill level 8 in Ranged Weapons
  5413 | D:6      | 5413 ||| INVOKING Spit Poison.
  5417 | D:6      | 5417 ||| INVOKING Spit Poison.
  5713 | D:6      | 5713 ||| READING scroll of enchant armour.
  5713 | D:6      | 5713 ||| ENCHANTING +0 steam dragon scales.
  5805 | D:6      | 5805 ||| INVOKING Spit Poison.
  5879 | D:6      | 5879 ||| INVOKING Spit Poison.
  6218 | D:7      | 6218 ||| INVOKING Spit Poison.
  6224 | D:7      | 6224 ||| INVOKING Spit Poison.
  6231 | D:7      | 6231 ||| INVOKING Spit Poison.
  6299 | D:7      | Found Ureawe's Assorted Antiques.
  6308 | D:7      | 6308 ||| BUYING brown potion (25 gold).
  6308 | D:7      | Bought a brown potion for 25 gold pieces
  6308 | D:7      | 6308 ||| BUYING scroll labelled CIVICZ ZATIRRIO (28 gold).
  6308 | D:7      | Bought a scroll labelled CIVICZ ZATIRRIO for 28 gold pieces
  6308 | D:7      | 6308 ||| BUYING scroll labelled JULODDEYKHO (28 gold).
  6308 | D:7      | Bought a scroll labelled JULODDEYKHO for 28 gold pieces
  6456 | D:7      | 6456 ||| INVOKING Spit Poison.
  6463 | D:7      | 6463 ||| INVOKING Spit Poison.
  6463 | D:7      | Reached * piety under Okawaru
  6464 | D:7      | Reached XP level 9. HP: 75/81 MP: 9/9
  6497 | D:7      | Found an ornate altar of the Wu Jian Council.
  6584 | D:7      | 6584 ||| INVOKING Heroism.
  6586 | D:7      | 6586 ||| INVOKING Spit Poison.
  6592 | D:7      | Reached skill level 9 in Ranged Weapons
  6593 | D:7      | 6593 ||| INVOKING Spit Poison.
  6597 | D:7      | 6597 ||| INVOKING Spit Poison.
  6603 | D:7      | 6603 ||| INVOKING Spit Poison.
  6608 | D:7      | 6608 ||| INVOKING Spit Poison.
  6707 | D:7      | 6707 ||| INVOKING Spit Poison.
  6708 | D:7      | Found an opulent altar of Gozag.
  6888 | D:7      | 6888 ||| READING 2 scrolls labelled CIVICZ ZATIRRIO.
  6889 | D:7      | 6889 ||| READING scroll labelled JULODDEYKHO.
  6890 | D:7      | 6890 ||| READING scroll labelled JORREI AKHLIG.
  6891 | D:7      | 6891 ||| READING 5 scrolls of identify.
  6891 | D:7      | 6891 ||| IDENTIFYING brown potion
  6892 | D:7      | 6892 ||| READING 4 scrolls of identify.
  6892 | D:7      | 6892 ||| IDENTIFYING fuming dark potion
  6893 | D:7      | 6893 ||| DROPPING potion of enlightenment.
  6894 | D:7      | 6894 ||| DROPPING scroll of blinking.
  6895 | D:7      | 6895 ||| DROPPING potion of berserk rage.
  6924 | D:8      | 6924 ||| INVOKING Spit Poison.
  6927 | D:8      | Reached skill level 3 in Dodging
  6928 | D:8      | 6928 ||| STAIRDANCE
  6930 | D:7      | 6930 ||| INVOKING Spit Poison.
  6966 | D:8      | 6966 ||| INVOKING Spit Poison.
  6969 | D:8      | 6969 ||| INVOKING Spit Poison.
  7075 | D:8      | Reached skill level 6 in Fighting
  7222 | D:8      | 7222 ||| INVOKING Spit Poison.
  7228 | D:8      | 7228 ||| INVOKING Spit Poison.
  7231 | D:8      | Reached skill level 1 in Invocations
  7249 | D:8      | 7249 ||| INVOKING Heroism.
  7252 | D:8      | 7252 ||| INVOKING Spit Poison.
  7259 | D:8      | 7259 ||| INVOKING Spit Poison.
  7265 | D:8      | 7265 ||| INVOKING Spit Poison.
  7347 | D:8      | Noticed Maggie
  7350 | D:8      | 7350 ||| INVOKING Spit Poison.
  7354 | D:8      | 7354 ||| INVOKING Spit Poison.
  7362 | D:8      | 7362 ||| INVOKING Spit Poison.
  7364 | D:8      | Killed Maggie
  7445 | D:8      | 7445 ||| INVOKING Spit Poison.
  7451 | D:8      | 7451 ||| INVOKING Spit Poison.
  7455 | D:8      | 7455 ||| INVOKING Spit Poison.
  7471 | D:8      | 7471 ||| INVOKING Spit Poison.
  7478 | D:8      | 7478 ||| INVOKING Spit Poison.
  7480 | D:8      | Reached skill level 3 in Invocations
  7481 | D:8      | 7481 ||| INVOKING Heroism.
  7483 | D:8      | 7483 ||| INVOKING Spit Poison.
  7485 | D:8      | HP: 15/82 [yak (8)]
  7486 | D:8      | 7486 ||| READING scroll of teleportation.
  7896 | D:8      | 7896 ||| INVOKING Spit Poison.
  7901 | D:8      | 7901 ||| INVOKING Spit Poison.
  7907 | D:8      | 7907 ||| INVOKING Spit Poison.
  7910 | D:8      | Reached skill level 10 in Ranged Weapons
  7973 | D:8      | 7973 ||| INVOKING Spit Poison.
  7984 | D:8      | Found Deichea's Antique Weapon Boutique.
  8036 | D:8      | 8036 ||| INVOKING Spit Poison.
  8181 | D:8      | 8181 ||| INVOKING Heroism.
  8186 | D:8      | 8186 ||| INVOKING Spit Poison.
  8191 | D:8      | Reached XP level 10. HP: 85/92 MP: 11/13
  8339 | D:8      | 8339 ||| UPGRADING to +0 pair of gloves.
  8389 | D:9      | 8389 ||| INVOKING Spit Poison.
  8395 | D:9      | 8395 ||| INVOKING Spit Poison.
  8402 | D:9      | 8402 ||| INVOKING Spit Poison.
  8406 | D:9      | 8406 ||| INVOKING Heroism.
  8407 | D:9      | 8407 ||| INVOKING Spit Poison.
  8411 | D:9      | 8411 ||| INVOKING Spit Poison.
  8574 | D:9      | Found Vepnev's Book Boutique.
  8643 | D:9      | 8643 ||| INVOKING Spit Poison.
  8644 | D:9      | 8644 ||| INVOKING Heroism.
  8861 | D:9      | 8861 ||| INVOKING Spit Poison.
  8868 | D:9      | 8868 ||| INVOKING Spit Poison.
  8877 | D:9      | 8877 ||| INVOKING Spit Poison.
  8880 | D:9      | 8880 ||| INVOKING Heroism.
  8976 | D:9      | 8976 ||| READING scroll of enchant armour.
  8976 | D:9      | 8976 ||| ENCHANTING +1 steam dragon scales.
  9002 | D:9      | 9002 ||| INVOKING Heroism.
  9003 | D:9      | 9003 ||| INVOKING Spit Poison.
  9013 | D:9      | 9013 ||| INVOKING Spit Poison.
  9017 | D:9      | 9017 ||| INVOKING Spit Poison.
  9021 | D:9      | 9021 ||| INVOKING Spit Poison.
  9299 | D:9      | Found a white marble altar of Elyvilon.
  9299 | D:9      | Found an ancient bone altar of Kikubaaqudgha.
  9367 | D:10     | Entered Level 10 of the Dungeon
  9463 | D:10     | Reached skill level 11 in Ranged Weapons
  9676 | D:10     | 9676 ||| INVOKING Heroism.
  9696 | D:10     | 9696 ||| INVOKING Heroism.
  9703 | D:10     | HP: 23/94 [wraith[Josephine] (8)]
  9882 | D:10     | Noticed Josephine
  9887 | D:10     | 9887 ||| INVOKING Spit Poison.
  9892 | D:10     | 9892 ||| INVOKING Spit Poison.
  9897 | D:10     | 9897 ||| INVOKING Spit Poison.
  9899 | D:10     | 9899 ||| INVOKING Heroism.
  9900 | D:10     | 9900 ||| INVOKING Spit Poison.
  9900 | D:10     | Killed Josephine
  9908 | D:10     | 9908 ||| INVOKING Heroism.
 10128 | D:10     | Noticed a gargoyle
 10140 | D:10     | 10140 ||| INVOKING Heroism.
 10144 | D:10     | HP: 23/96 [gargoyle/stone arrow (25)]
 10147 | D:10     | Killed a gargoyle
 10350 | D:10     | 10350 ||| INVOKING Spit Poison.
 10397 | D:10     | 10397 ||| SWAPPING to +0 orcbow.
 10398 | D:10     | 10398 ||| DROPPING +2 shortbow.
 10412 | D:10     | 10412 ||| INVOKING Heroism.
 10413 | D:10     | 10413 ||| INVOKING Spit Poison.
 10420 | D:10     | 10420 ||| INVOKING Spit Poison.
 10451 | D:10     | Found Lqyxunn's Luxury Loot.
 10603 | D:10     | Found a hazy altar of Hepliaklqana.
 10689 | D:10     | 10689 ||| Stepping ~*~*~tactically~*~*~ (outnumbered).
 10691 | D:10     | 10691 ||| Stepping ~*~*~tactically~*~*~ (outnumbered).
 10692 | D:10     | 10692 ||| INVOKING Spit Poison.
 10696 | D:10     | 10696 ||| INVOKING Spit Poison.
 10704 | D:10     | 10704 ||| INVOKING Spit Poison.
 10944 | D:10     | 10944 ||| READING 4 scrolls of identify.
 10944 | D:10     | 10944 ||| IDENTIFYING metallic puce potion
 11062 | D:11     | Noticed a manticore
 11063 | D:11     | 11063 ||| INVOKING Heroism.
 11064 | D:11     | 11064 ||| INVOKING Spit Poison.
 11068 | D:11     | 11068 ||| Stepping ~*~*~tactically~*~*~ (outnumbered).
 11081 | D:11     | 11081 ||| INVOKING Spit Poison.
 11085 | D:11     | 11085 ||| INVOKING Spit Poison.
 11088 | D:11     | 11088 ||| INVOKING Heroism.
 11089 | D:11     | 11089 ||| INVOKING Spit Poison.
 11091 | D:11     | Killed a manticore
 11092 | D:11     | Reached XP level 11. HP: 77/103 MP: 11/14
 11093 | D:11     | Reached skill level 12 in Ranged Weapons
 11101 | D:11     | 11101 ||| INVOKING Spit Poison.
 11104 | D:11     | Reached ** piety under Okawaru
 11114 | D:11     | 11114 ||| INVOKING Heroism.
 11116 | D:11     | 11116 ||| INVOKING Spit Poison.
 11120 | D:11     | 11120 ||| INVOKING Spit Poison.
 11290 | D:11     | 11290 ||| INVOKING Spit Poison.
 11353 | D:11     | 11353 ||| INVOKING Heroism.
 11354 | D:11     | 11354 ||| INVOKING Spit Poison.
 11383 | D:11     | 11383 ||| Stepping ~*~*~tactically~*~*~ (outnumbered).
 11384 | D:11     | 11384 ||| INVOKING Spit Poison.
 11390 | D:11     | 11390 ||| INVOKING Spit Poison.
 11397 | D:11     | 11397 ||| INVOKING Spit Poison.
 11398 | D:11     | 11398 ||| INVOKING Heroism.
 11407 | D:11     | 11407 ||| INVOKING Spit Poison.
 11560 | D:11     | 11560 ||| SWAPPING to +2 orcbow of draining.
 11561 | D:11     | 11561 ||| DROPPING +0 orcbow.
 11571 | D:11     | 11571 ||| INVOKING Spit Poison.
 11577 | D:11     | 11577 ||| INVOKING Spit Poison.
 11609 | D:11     | 11609 ||| INVOKING Spit Poison.
 11613 | D:11     | 11613 ||| INVOKING Spit Poison.
 11729 | D:11     | 11729 ||| INVOKING Spit Poison.
 11929 | D:11     | 11929 ||| INVOKING Spit Poison.
 11935 | D:11     | 11935 ||| INVOKING Spit Poison.
 11941 | D:11     | Reached skill level 13 in Ranged Weapons
 11990 | D:11     | 11990 ||| INVOKING Heroism.
 12176 | D:11     | Found a staircase to the Lair.
 12238 | D:11     | Noticed a two-headed ogre
 12239 | D:11     | 12239 ||| INVOKING Heroism.
 12243 | D:11     | 12243 ||| INVOKING Spit Poison.
 12244 | D:11     | Killed a two-headed ogre
 12306 | D:11     | 12306 ||| INVOKING Heroism.
 12307 | D:11     | 12307 ||| INVOKING Spit Poison.
 12312 | D:11     | Reached skill level 9 in Fighting
 12319 | D:11     | 12319 ||| INVOKING Spit Poison.
 12475 | D:11     | 12475 ||| PLANNING LAIR
 12475 | D:11     | 12475 ||| UPGRADING to +0 troll leather armour.
 12485 | D:11     | 12485 ||| DROPPING +2 steam dragon scales.
 12486 | D:11     | 12486 ||| UPGRADING to ring of protection from cold.
 12487 | D:11     | 12487 ||| READING 4 scrolls of identify.
 12487 | D:11     | 12487 ||| IDENTIFYING white potion
 12488 | D:11     | 12488 ||| DROPPING potion of brilliance.
 12495 | D:11     | 12495 ||| INVOKING Heroism.
 12496 | D:11     | 12496 ||| INVOKING Spit Poison.
 12550 | Lair:1   | Entered Level 1 of the Lair of Beasts
 12589 | Lair:1   | 12589 ||| INVOKING Heroism.
 12592 | Lair:1   | 12592 ||| INVOKING Spit Poison.
 12607 | Lair:1   | 12607 ||| INVOKING Spit Poison.
 12619 | Lair:1   | 12619 ||| INVOKING Heroism.
 12620 | Lair:1   | 12620 ||| INVOKING Spit Poison.
 12636 | Lair:1   | 12636 ||| INVOKING Spit Poison.
 12640 | Lair:1   | 12640 ||| INVOKING Spit Poison.
 12645 | Lair:1   | Reached *** piety under Okawaru
 12647 | Lair:1   | 12647 ||| INVOKING Spit Poison.
 12649 | Lair:1   | 12649 ||| INVOKING Heroism.
 12654 | Lair:1   | 12654 ||| INVOKING Spit Poison.
 12751 | Lair:1   | 12751 ||| INVOKING Heroism.
 12756 | Lair:1   | 12756 ||| INVOKING Spit Poison.
 12764 | Lair:1   | Reached XP level 12. HP: 114/114 MP: 13/15
 12772 | Lair:1   | Reached skill level 14 in Ranged Weapons
 12823 | Lair:1   | 12823 ||| READING scroll of enchant armour.
 12823 | Lair:1   | 12823 ||| ENCHANTING +0 pair of gloves.
 13250 | Lair:1   | 13250 ||| INVOKING Heroism.
 13420 | Lair:1   | 13420 ||| UPGRADING to +0 cloak.
 13425 | Lair:1   | 13425 ||| UPGRADING to amulet of faith.
 13481 | Lair:2   | Found a staircase to the Snake Pit.
 13482 | Lair:2   | 13482 ||| INVOKING Heroism.
 13494 | Lair:2   | Reached **** piety under Okawaru
 13658 | Lair:2   | Found a staircase to the Swamp.
 13808 | Lair:2   | Found a runed translucent door.
 13950 | Lair:2   | Reached ***** piety under Okawaru
 14127 | Lair:2   | Reached skill level 6 in Invocations
 14198 | Lair:2   | Noticed Rupert
 14301 | Lair:2   | 14301 ||| DROPPING scarf of invisibility.
 14302 | Lair:2   | 14302 ||| READING 4 scrolls of identify.
 14302 | Lair:2   | 14302 ||| IDENTIFYING cyan potion
 14303 | Lair:2   | 14303 ||| READING 3 scrolls of identify.
 14303 | Lair:2   | 14303 ||| IDENTIFYING silvery potion
 14304 | Lair:2   | 14304 ||| READING 2 scrolls of identify.
 14304 | Lair:2   | 14304 ||| IDENTIFYING dark potion
 14305 | Lair:2   | 14305 ||| DROPPING potion of ambrosia.
 14306 | Lair:2   | 14306 ||| DROPPING potion of invisibility.
 14348 | Lair:3   | 14348 ||| INVOKING Heroism.
 14554 | Lair:3   | Identified the +0 cloak of Sloth {rPois rF+ rN+ Dex-4}
                  | (Okawaru gifted it to you on level 3 of the Lair of Beasts)
 14554 | Lair:3   | Received a gift from Okawaru
 14637 | Lair:3   | 14637 ||| INVOKING Heroism.
 14663 | Lair:3   | Gained mutation: You can use your snake-like lower body to
                  | constrict enemies. [Naga growth]
 14663 | Lair:3   | Reached XP level 13. HP: 123/123 MP: 17/19
 14680 | Lair:3   | Reached skill level 15 in Ranged Weapons
 14730 | Lair:3   | 14730 ||| INVOKING Heroism.
 14745 | Lair:3   | HP: 21/123 [yak (11)]
 14746 | Lair:3   | 14746 ||| READING scroll of teleportation.
 14747 | Lair:3   | 14747 ||| DRINKING potion of heal wounds.
 14781 | Lair:3   | 14781 ||| INVOKING Heroism.
 15228 | Lair:4   | 15228 ||| INVOKING Heroism.
 15230 | Lair:4   | 15230 ||| INVOKING Finesse.
 15253 | Lair:4   | Reached skill level 9 in Invocations
 15444 | Lair:4   | Reached skill level 6 in Dodging
 15511 | Lair:4   | 15511 ||| INVOKING Heroism.
 15644 | Lair:4   | 15644 ||| INVOKING Heroism.
 15659 | Lair:4   | HP: 29/123 [meliai/+0 hand axe (4)]
 15660 | Lair:4   | HP: 14/123 [meliai/+1 hand axe of electrocution (11)]
 15662 | Lair:4   | HP: 5/123 [killer bee (5)]
 15663 | Lair:4   | Killed from afar by a meliai

Levels and vault maps discovered:
D:1:      eino_arrival_druids_welcome, layout_loops_ring
D:2:      kennysheep_big_flooded_room, layout_basic, serial_shops, shop,
          minivault_24
D:3:      layout_basic, nicolae_dithmenos_through_a_glass_darkly,
          mainiacjoe_overflow_alcove_4
D:4:      layout_cave_pods, serial_shops, shop, uniq_eustachio, uniq_grinder,
          uniq_natasha, uniq_robin
D:5:      lemuel_insect_pit, layout_loops_ring, general_overflow_altar,
          mainiacjoe_overflow_chevrons, overflow_temple_1_default,
          nicolae_titane
D:6:      layout_basic, minmay_temple_entry_overgrown
D:7:      layout_gridville, nicolae_wu_jian_immortal_techniques,
          grunt_gozag_breadcrumbs, serial_shops, shop
D:8:      layout_basic, serial_shops, nicolae_take_the_stairs, chequers_jeans,
          uniq_maggie
D:9:      layout_cave_pools, gammafunk_temple_overflow_wave, serial_shops, shop
D:10:     layout_stronghold, nzn_hepliaklqana_mist_gate, nicolae_alphabet_shops,
          uniq_josephine
D:11:     layout_loops_corners, erik_lair_orcish_takeover
Temple:   minmay_temple_forest_path
Lair:1:   layout_hall_layers, wad_woods_03, lemuel_fruit_tree
Lair:2:   layout_loops_ring, minmay_swamp_entry_eels, dummy_snake_entry,
          pdpol_lair_cabin_in_the_woods, grunt_megastairs_4, lemuel_fruit_fields
Lair:3:   layout_misc_corridors, grunt_megastairs_5
Lair:4:   layout_roguey [special_room_bee], chequers_serial_rivers_room_b

Skill      XL: |  1  2  3  4  5  6  7  8  9 10 11 12 13 |
---------------+----------------------------------------+-----
Ranged Weapons | 4 5 7 8 10 11 13 14 15 | 15.0
Fighting       | 3 4 5 6 8 9 10 | 10.0
Armour         | 3 4 5 |  5.0
Dodging        | 2 3 4 5 6 |  6.0
Invocations    | 4 8 10 | 10.0
Stealth        | |  1.5

Action                     |  1- 3 |  4- 6 |  7- 9 | 10-12 | 13-15 || total
---------------------------+-------+-------+-------+-------+-------++-------
   Fire: Shortbow          |    62 |    97 |   331 |   224 |       ||   714
         Orcbow            |       |       |       |   509 |   233 ||   742
 Invoke: Heroism           |       |       |     4 |    27 |     5 ||    36
         Finesse           |       |       |       |       |     1 ||     1
Ability: Spit Poison       |    31 |    24 |    67 |    55 |       ||   177
    Use: Scroll            |     3 |     6 |    17 |     7 |     1 ||    34
         Potion            |       |       |     1 |       |     1 ||     2
 Armour: Leather armour    |    13 |    25 |   103 |       |       ||   141
         Steam dragon scal |       |       |    65 |   166 |       ||   231
         Troll leather arm |       |       |       |    79 |    96 ||   175
  Dodge: Dodged            |    17 |    23 |   108 |   267 |    89 ||   504

Table legend:
 A = Non-vault XP
 B = Vault XP
 C = Vault XP percentage of total XP
 D = Non-vault monster count
 E = Vault monster count
 F = Vault count percentage of total count
                 A         B        C        D         E       F
            +---------+---------+-------+---------+---------+-------
      Total |   33926 |    9008 |  21.0 |     267 |      63 |  19.1
            +---------+---------+-------+---------+---------+-------
        D:1 |      47 |       0 |   0.0 |      28 |       0 |   0.0
        D:2 |      47 |       6 |  11.3 |      24 |       2 |   7.7
        D:3 |      38 |       0 |   0.0 |      14 |       0 |   0.0
        D:4 |     218 |     552 |  71.7 |      13 |      16 |  55.2
        D:5 |     705 |       0 |   0.0 |      11 |       0 |   0.0
        D:6 |     443 |       0 |   0.0 |       8 |       0 |   0.0
        D:7 |     453 |       0 |   0.0 |      11 |       0 |   0.0
        D:8 |    1882 |     356 |  15.9 |      20 |       1 |   4.8
        D:9 |    1281 |       0 |   0.0 |      17 |       0 |   0.0
       D:10 |     970 |    1731 |  64.1 |      12 |       5 |  29.4
       D:11 |    5489 |     675 |  11.0 |      25 |      10 |  28.6
     Lair:1 |    6226 |       0 |   0.0 |      29 |       0 |   0.0
     Lair:2 |    3683 |    1851 |  33.4 |      19 |      10 |  34.5
     Lair:3 |    5222 |    2509 |  32.5 |      18 |      10 |  35.7
     Lair:4 |    7222 |    1328 |  15.5 |      18 |       9 |  33.3
            +---------+---------+-------+---------+---------+-------
